 Dungeon Crawl Stone Soup version 0.28-a0-643-g84cb2ea78e (webtiles) character file.

Game seed: 18174899919180510753

156 cheechan the Sneak (level 5, -7/35 HPs)
             Began as an Octopode Warper on Oct 10, 2021.
             Mangled by Terence (11 damage)
             ... on level 3 of the Dungeon.
             The game lasted 00:14:19 (2725 turns).

cheechan the Sneak (Octopode Warper)                Turns: 2725, Time: 00:14:20

Health: -7/35      AC:  1    Str: 10    XL:     5   Next: 37%
Magic:  2/2        EV: 13    Int: 15    God:
Gold:   89         SH:  0    Dex: 13    Spells: 7/9 levels left

rFire   . . .      SeeInvis .   k - +1 dagger (antimagic)
rCold   + . .      Faith    .   (no shield)
rNeg    . . .      Spirit   .   (helmet restricted)
rPois   .          Reflect  .   (no amulet)
rElec   .          Harm     .   d - ring of protection from cold
rCorr   .          Rampage  .   (no ring)
Will    .....                   (no ring)
Stlth   +++.......              (no ring)
HPRegen 0.11/turn               (no ring)
MPRegen 0.08/turn               (no ring)
                                (no ring)
                                (no ring)

@: no status effects
A: almost no armour, amphibious, 8 rings, camouflage 1, gelatinous body 1,
(nimble swimmer 1), tentacles, low mp 1, wild magic 1
a: no special abilities


You were on level 3 of the Dungeon.
You visited 1 branch of the dungeon, and saw 3 of its levels.

You collected 89 gold pieces.

Inventory:

Hand Weapons
 a - a +0 spear
 k - a +1 antimagic dagger (weapon)
 l - a +0 hunting sling
Missiles
 c - 5 boomerangs of dispersal (quivered)
 i - 36 arrows
 j - 23 bolts
 n - 6 boomerangs
 q - 12 stones
Armour
 m - a +1 pair of boots
Jewellery
 d - a ring of protection from cold (left tentacle)
Scrolls
 g - a scroll of identify
 p - a scroll of amnesia {unknown}
Potions
 f - a potion of heal wounds {unknown}
 h - a potion of flight
 o - 2 potions of degeneration {unknown}


   Skills:
 + Level 2.5 Fighting
 + Level 0.7 Short Blades
 + Level 3.0 Polearms
 + Level 1.0 Throwing
 + Level 2.9 Dodging
 + Level 3.7 Stealth
 + Level 2.5 Spellcasting
 + Level 3.2 Translocations


You had 7 spell levels left.
You knew the following spells:

 Your Spells              Type           Power      Damage    Failure   Level
a - Blink                 Tloc           N/A        N/A       13%         2

Your spell library contained the following spells:

 Spells                   Type           Power      Damage    Failure   Level
 Gell's Gravitas          Tloc           7%         N/A       24%         3
 Lesser Beckoning         Tloc           14%        N/A       24%         3
 Teleport Other           Tloc           14%        N/A       24%         3
 Manifold Assault         Tloc           14%        N/A       88%         5


Dungeon Overview and Level Annotations

Branches:
Dungeon (3/15)

Altars:

Annotations:
D:3 1 transporter, OceanMan's ghost, amateur FoVM; Terence


Innate Abilities, Weirdness & Mutations

You cannot wear most types of armour.
You are amphibious.
You can wear up to eight rings at the same time.
Your skin changes colour to match your surroundings (Stealth+).
Your rubbery body absorbs attacks. (AC +1, EV +1)
((You are camouflaged near water. (Stealth+)))
You have tentacles for arms and can constrict up to eight enemies at once.
Your magical capacity is low. (-10% MP)
Your spells are a little harder to cast, but a little more powerful.


Message History

You hit Terence but do no damage. You squeeze Terence.
Terence is moderately wounded.
You constrict Terence, but do no damage.
Terence barely misses you.
You hit Terence.
Terence is heavily wounded.
You constrict Terence, but do no damage.
Terence hits you with a +0 falchion!
You hit Terence but do no damage.
Terence is heavily wounded.
You constrict Terence. Terence misses you.
You hit Terence but do no damage.
Terence is heavily wounded.
You constrict Terence, but do no damage.
Terence hits you with a +0 falchion.
* * * LOW HITPOINT WARNING * * *
You hit Terence.
Terence is almost dead.
You constrict Terence, but do no damage.
Terence hits you with a +0 falchion.
* * * LOW HITPOINT WARNING * * *
Casting: Blink (safe; 13% risk of failure)
Confirm with . or Enter, or press ? or * to list all spells.
You miscast Blink.
You are very lightly contaminated with residual magic.
Nothing appears to happen.
You constrict Terence. Terence closely misses you.
You release your grip on Terence.
Things that are here:
a +0 robe; a +0 dagger Your magical contamination has completely faded away.
The quasit gives a chilling moan.
Throw: javelin
Press: ? - help, Q - select action, (/) - cycle Shift-Dir - straight line, f/p - Terence
Aim: Terence, wielding a +0 falchion and wearing a +1 chain mail of cold resistance (almost dead, 65% to hit)
You throw a javelin. The javelin barely misses Terence.
Terence hits you with a +0 falchion.
* * * LOW HITPOINT WARNING * * *
Terence screams, "I'm going to kill you!"
Terence hits you with a +0 falchion!
You die...

#..##.#..# #.[[# #.###....
.........# #...# #...?....
........##########...####..#..##.
.[.##.............(........# .#
......#####................# ..
....###...###..............# ..
...##......5#.##.#...#.##### #
...#..#.#...#.##.#...#.#
##.#.5#.#...#..#@#...#.#
#@##.....#.##.#@#...#.#
##..#W.#...#.#.#.#...#.#
#..©#(=.©# #.........# #S..#?#...
#.####.#### #..##.# .. #©.. #.#
#..# .# ##.. #.# ...# ? #.#. ...
##.# .# #.## #.#


You could see Terence.

Vanquished Creatures
  A hound (D:3)
  2 orc wizards (D:3)
  2 adders (D:2)
  4 dart slugs (D:1)
  4 orcs (D:3)
  5 bats
  3 giant cockroaches
  6 goblins
  4 hobgoblins
  2 quokkas (D:2)
  5 ball pythons
  A frilled lizard (D:1)
  3 kobolds
  6 rats
48 creatures vanquished.

Notes
Turn   | Place    | Note
-------+----------+-------------------------------------------
     0 | D:1      | cheechan the Octopode Warper began the quest for the Orb.
     0 | D:1      | Reached XP level 1. HP: 14/14 MP: 3/3
   109 | D:1      | Reached XP level 2. HP: 9/19 MP: 5/5
   111 | D:1      | Reached skill level 1 in Stealth
   301 | D:1      | Learned a level 2 spell: Blink
   512 | D:1      | Gained mutation: Your magical capacity is low. (-10% MP)
                  | [potion of mutation]
   512 | D:1      | Gained mutation: Your spells are a little harder to cast,
                  | but a little more powerful. [potion of mutation]
   682 | D:1      | Reached XP level 3. HP: 24/24 MP: 6/6
  1103 | D:2      | Found a faded altar of an unknown god.
  1113 | D:2      | HP: 1/24 [poisoned by an adder]
  1546 | D:2      | Reached XP level 4. HP: 28/29 MP: 2/7
  1754 | D:3      | Reached XP level 5. HP: 23/35 MP: 2/7
  1977 | D:3      | Noticed OceanMan's ghost (amateur FoVM)
  1997 | D:3      | Noticed Terence
  1999 | D:3      | Found a transporter.
  2725 | D:3      | Mangled by Terence

Illustrated notes

Levels and vault maps discovered:
D:1:      minmay_arrival_radiant_lines, layout_loops_corners,
          amcnicky_mini_rare_corridor_liquid
D:2:      layout_rooms, basic_ecumenical_altar
D:3:      layout_loops_cross, gammafunk_ghost_stat_death,
          minmay_misc_feat_ornament, minmay_misc_feat_x, uniq_terence,
          uniq_crazy_yiuf_cottage

Skill      XL: |  1  2  3  4  5 |
---------------+----------------+-----
Stealth        | 1 2 3 |  3.7
Polearms       | 3 |  3.0
Fighting       | |  2.5
Short Blades   | |  0.7
Throwing       | |  1.0
Dodging        | |  2.9
Spellcasting   | |  2.5
Translocations | |  3.2

Action                   |  1- 3 |  4- 6 || total
-------------------------+-------+-------++-------
Melee: Spear             |    63 |       ||    63
       Constrict         |    19 |    16 ||    35
       Tentacles         |     7 |    13 ||    20
       Dagger            |    10 |    62 ||    72
Throw: Javelin           |       |     2 ||     2
 Cast: Blink             |       |     3 ||     3
  Use: Scroll            |     4 |     1 ||     5
       Potion            |     2 |       ||     2
 Stab: Sleeping          |    11 |     3 ||    14
Armor: Skin              |     6 |     2 ||     8
Dodge: Dodged            |    51 |    33 ||    84

Table legend: (Time is in decaauts)
 A = Elapsed time spent in this place.
 B = Non-inter-level travel time spent in this place.
 C = Inter-level travel time spent in this place.
 D = Time resting spent in this place.
 E = Time spent auto-exploring this place.
 F = Levels seen in this place.
 G = Mean time per level.
                   A        B        C        D        E       F      G
               +--------+--------+--------+--------+--------+-----+--------+
         Total |   2724 |   2724 |      0 |   1066 |      0 |   3 |  908.0 |
       Dungeon |   2724 |   2724 |      0 |   1066 |      0 |   3 |  908.0 |
               +--------+--------+--------+--------+--------+-----+--------+

Top non-repeatable levels by time:
     D:2: 1152 daAuts
     D:1: 1102 daAuts
     D:3: 469 daAuts
